 Dungeon Crawl Stone Soup version 0.29.1-13-g9f3cf754e1 (webtiles) character file.

Game seed: 10951305534659025451

23 nickcage the Chiller (level 2, -1/15 HPs)
             Began as a Deep Elf Ice Elementalist on Feb 6, 2023.
             Slain by an adder (4 damage)
             ... on level 2 of the Dungeon.
             The game lasted 00:03:51 (1174 turns).

nickcage the Chiller (Deep Elf Ice Elementalist)    Turns: 1174, Time: 00:03:52

Health: -1/15      AC:  3    Str:  5    XL:     2   Next: 72%
Magic:  7/8        EV: 12    Int: 19    God:
Gold:   37         SH:  0    Dex: 15    Spells: 6/7 levels left

rFire   . . .      SeeInvis .   i - +2 dagger (venom)
rCold   . . .      Faith    .   (no shield)
rNeg    . . .      Spirit   .   a - +0 robe
rPois   .          Reflect  .   (no helmet)
rElec   .          Harm     .   (no cloak)
rCorr   .          Rampage  .   (no gloves)
Will    .....                   g - +0 pair of boots
Stlth   ++........              (no amulet)
HPRegen 0.05/turn               (no ring)
MPRegen 0.11/turn               (no ring)

@: no status effects
A: no striking features
a: no special abilities


You were on level 2 of the Dungeon.
You visited 1 branch of the dungeon, and saw 2 of its levels.

You collected 37 gold pieces.

Inventory:

Hand Weapons
 c - a +0 mace of protection
 h - a +0 lajatang
 i - a +2 dagger of venom (weapon)
Armour
 a - a +0 robe (worn)
 g - a +0 pair of boots (worn)
Scrolls
 d - a scroll of identify {unknown}
 e - a scroll of poison {unknown}
 j - a scroll of immolation {unknown}
Potions
 b - a potion of magic
 f - a potion of heal wounds {unknown}
 k - a potion of flight {unknown}


   Skills:
 - Level 2.4 Dodging
 - Level 2.4 Stealth
 + Level 3.4 Spellcasting
 + Level 5.1 Ice Magic


You had 6 spell levels left.
You knew the following spells:

 Your Spells              Type           Power      Damage    Failure   Level
a - Freeze                Ice            88%        1d10      1%          1

Your spell library contained the following spells:

 Spells                   Type           Power      Damage    Failure   Level
 Frozen Ramparts          Ice            44%        1d7       5%          3
 Ozocubu's Armour         Ice            22%        N/A       5%          3
 Sandblast                Erth           6%         2d5       14%         1
 Passwall                 Tmut/Erth      2%         N/A       22%         2
 Stone Arrow              Conj/Erth      6%         3d7       41%         3
 Hailstorm                Conj/Ice       13%        3d5       45%         4


Dungeon Overview and Level Annotations

Branches:
Dungeon (2/15)

Altars:


Message History

Found 9 gold pieces.
Found a stone staircase leading down.
The goblin shouts!
The kobold shouts!
You hear an angry hiss.
You hit the kobold.
The kobold is poisoned.
The kobold is heavily wounded.
The kobold closely misses you.
You freeze the kobold!
You kill the kobold!
The worm bites you!
Ouch! That really hurt!
You are too injured to fight recklessly!
The goblin attacks as you move away! The goblin completely misses you.
You are too injured to fight recklessly!
You are too injured to fight recklessly!
Aiming: Freeze (safe; 1% risk of failure)
Press: ? - help, Q - select action Shift-Dir - straight line, f - goblin
Aim: a goblin, wielding a +0 dagger You freeze the goblin.
You kill the goblin!
Aiming: Freeze (safe; 1% risk of failure)
Press: ? - help, Q - select action Shift-Dir - straight line, f - worm
Aim: a worm You miscast Freeze.
You are very lightly contaminated with residual magic.
Nothing appears to happen.
Aiming: Freeze (safe; 1% risk of failure)
Press: ? - help, Q - select action Shift-Dir - straight line, f/p - worm
Aim: a worm You freeze the worm.
The worm is moderately wounded.
The worm closely misses you.
You hit the worm.
The worm is poisoned.
The worm is moderately wounded.
An adder comes into view.
The worm bites you.
* * * LOW HITPOINT WARNING * * *
Your magical contamination has completely faded away.
There is an open door here.
The adder barely misses you. The adder bites you.
You die...

#.# #.# #.# #.#
#.# #.# #.# #S#
#@#
#.################
#...............<#
##################


You could see an adder.

Vanquished Creatures
  2 endoplasms (D:1)
  4 goblins
  3 hobgoblins (D:1)
  3 kobolds
  A quokka (D:1)
  2 ball pythons (D:1)
  2 bats (D:1)
  A frilled lizard (D:1)
  4 rats (D:1)
22 creatures vanquished.

Notes
Turn   | Place    | Note
-------+----------+-------------------------------------------
     0 | D:1      | nickcage the Deep Elf Ice Elementalist began the quest for
                  | the Orb.
     0 | D:1      | Reached XP level 1. HP: 10/10 MP: 6/6
   154 | D:1      | Reached XP level 2. HP: 15/15 MP: 6/8
   340 | D:1      | Reached skill level 5 in Ice Magic
   386 | D:1      | Found a faded altar of an unknown god.
  1174 | D:2      | Slain by an adder

Illustrated notes

Levels and vault maps discovered:
D:1:      dpeg_arrival_stone_temple_mockup, layout_basic,
          basic_ecumenical_altar, minivault_4, minmay_unequal
D:2:      layout_basic

Skill      XL: |  1  2 |
---------------+-------+-----
Ice Magic      | 5 |  5.1
Dodging        | |  2.4
Stealth        | |  2.4
Spellcasting   | |  3.4

Action                   || total
-------------------------++-------
Melee: Mace              ||     4
       Dagger            ||     3
       Lajatang          ||     1
 Cast: Freeze            ||    29
 Stab: Sleeping          ||     2
Armor: Robe              ||     5
Dodge: Dodged            ||    14
